 Dungeon Crawl Stone Soup version 0.24.0-123-gd5b16e6ec5 (webtiles) character file.

Game seed: 1004614567677389438, levelgen mode: deterministic

10319 hazymike the Spear-Bearer (level 11, -2/86 HPs)
             Began as a Merfolk Skald on Feb 4, 2020.
             Was a High Priest of Zin.
             Shot with an arrow by a centaur (5 damage)
             ... on level 11 of the Dungeon on Feb 5, 2020.
             The game lasted 02:34:20 (19941 turns).

hazymike the Spear-Bearer (Merfolk Skald)          Turns: 19941, Time: 02:34:21

Health: -2/86      AC:  9    Str: 13    XL:     11   Next: 60%
Magic:  8/20       EV: 16    Int: 17    God:    Zin [*****.]
Gold:   711        SH:  0    Dex: 14    Spells: 13/22 levels left

rFire    . . .     SeeInvis .   a - +1 trident
rCold    + . .     Gourm    .   (no shield)
rNeg     . . .     Faith    .   n - +0 troll leather armour
rPois    .         Spirit   .   O - +1 hat {Int+3}
rElec    .         Reflect  .   G - +0 cloak
rCorr    +         Harm     .   o - +1 pair of gloves
MR       .....                  s - +0 pair of boots
Stlth    +.........             (no amulet)
HPRegen  0.64/turn              j - ring of protection from cold
MPRegen  0.17/turn              x - ring of resist corrosion

@: infused, singing (expiring)
A: change form in water, swift swim, stealthy swim
a: Recite, Vitalisation, Imprison, Sanctuary, Donate Gold, Renounce Religion


You were on level 11 of the Dungeon.
You worshipped Zin.
Zin was extremely pleased with you.
You were not hungry.

You visited 1 branch of the dungeon, and saw 11 of its levels.

You collected 788 gold pieces.
You donated 77 gold pieces to Zin.

Inventory:

Hand Weapons
 a - a +1 trident (weapon)
 J - a +0 shortbow
Missiles
 c - 428 stones (quivered)
 u - 5 boomerangs
 F - 3 throwing nets
 K - 69 arrows
Armour
 n - a +0 troll leather armour (worn)
 o - a +1 pair of gloves (worn)
 s - a +0 pair of boots (worn)
 G - a +0 cloak (worn)
 I - a +1 ring mail of poison resistance
 O - a +1 hat of intelligence (worn)
Jewellery
 j - a ring of protection from cold (left hand)
 x - a ring of resist corrosion (right hand)
 y - an uncursed ring of wizardry
 H - a cursed -3 ring of dexterity {unknown}
Wands
 h - a wand of iceblast (9)
 r - a wand of flame (19)
 A - a wand of enslavement (10)
Scrolls
 b - 6 scrolls of teleportation
 k - 2 scrolls of remove curse
 v - 3 scrolls of magic mapping
 C - a scroll of random uselessness {unknown}
 E - 2 scrolls of immolation
 L - a scroll of blinking
 M - a scroll of fear
Potions
 e - 3 potions of resistance
 f - a potion of brilliance {unknown}
 i - a potion of might
 m - 2 potions of heal wounds {unknown}
 p - a potion of invisibility
 q - 2 potions of degeneration {unknown}
 t - a potion of flight {unknown}
 w - a potion of lignification {unknown}
 z - a potion of agility
 B - a potion of magic
 D - a potion of haste
Comestibles
 d - 6 rations


   Skills:
 + Level 8.2 Fighting
 - Level 14.0 Polearms
 - Level 2.0 Armour
 + Level 8.3 Dodging
 - Level 6.0 Spellcasting
 + Level 1.0 Hexes
 - Level 6.2 Charms
 + Level 3.2 Translocations
 + Level 7.2 Invocations


You had 13 spell levels left.
You knew the following spells:

 Your Spells              Type           Power        Failure   Level  Hunger
a - Infusion              Chrm           ####         1%          1    None
b - Shroud of Golubria    Chrm/Tloc      ###...       3%          2    None
c - Song of Slaying       Chrm           ####....     1%          2    None
d - Blink                 Tloc           N/A          6%          2    None
e - Slow                  Hex            #.......     16%         2    None

Your spell library contained the following spells:

 Spells                   Type           Power        Failure   Level  Hunger
 Spectral Weapon          Hex/Chrm       ###.....     11%         3    ##.....
 Regeneration             Chrm/Necr      ###.......   14%         3    ##.....
 Magic Dart               Conj           #...         16%         1    None
 Call Imp                 Summ           #.......     24%         2    None
 Conjure Flame            Conj/Fire      #.......     43%         3    ##.....
 Mephitic Cloud           Conj/Pois/Air  #.......     43%         3    ##.....


Dungeon Overview and Level Annotations

Branches:
Dungeon (11/15)            Temple (0/1) D:4             Orc (0/2) D:9
   Lair: D:8-11

Altars:
Cheibriados
Elyvilon
Gozag
Hepliaklqana
Okawaru
Ru
Zin

Shops:
D:4 (   D:5 *

Annotations:
D:4 exclusion: hornet
D:6 1 runed translucent door, exclusion: door, Crazy Yiuf; darumender's ghost, novice DsBe
D:7 exclusions: 4 centaurs and 1 more exclusion
D:9 3 exclusions


Message History

Your shroud falls apart!
The troll claws you!
* * * LOW HITPOINT WARNING * * *
The troll claws you but does no damage.
The centaur wields a +0 shortbow.
The centaur shoots an arrow.
The arrow hits you!
* * * LOW HITPOINT WARNING * * *
You see here an arrow.
Okay, then.
Your song is almost over.
The centaur shoots an arrow.
The arrow hits you! Zin protects you from harm!
You see here an arrow.
You feel better.
The centaur shoots an arrow.
The arrow barely misses you. The troll barely misses you. The troll claws you!
* * * LOW HITPOINT WARNING * * *
The troll claws you but does no damage.
The centaur shoots an arrow.
The arrow hits you but does no damage.
The centaur shoots an arrow.
The arrow hits you.
You die...

#.....#..............
##.....#..............
#.....######..###+####
####..##..##..##...##)
#.......#.........')
#.......#.........#)
#(......#.........#.
#.......#.........#.
#..@.(..#.........#.
#..T(...#.........#.
######..(..###......###
##..###.....###......###
#............#..........
#...........c#..........
#............#...T......
##...###.....).c..##..##
##### #############..##


You could see a troll and a centaur.

Vanquished Creatures
  Harold (D:8)
  A tengu warrior (D:10)
  2 two-headed ogres (D:8)
  Pikel (D:6)
  An ugly thing (D:11)
  Maurice (D:8)
  Psyche (D:10)
  3 trolls
  Grinder (D:4)
  2 black bears
  4 orc warriors
  An eye of draining (D:11)
  6 ogres
  4 slaves
  An ice beast (D:8)
  2 sky beasts
  7 centaurs
  A crocodile (D:8)
  Blork the orc (D:6)
  4 big kobolds
  A gnoll sergeant (D:5)
  4 bullfrogs
  A wyvern zombie (D:9)
  3 scorpions
  3 wights
  9 killer bees
  5 howler monkeys
  4 crimson imps
  4 bullfrog zombies
  4 hounds
  4 jellies
  6 orc priests
  2 centaur skeletons
  9 orc wizards
  3 iguanas
  16 worker ants
  Terence (D:3)
  A howler monkey zombie (D:5)
  9 gnolls
  9 adders
  An ooze (D:4)
  4 worms
  4 dart slugs
  10 leopard geckos
  48 orcs
  7 giant cockroaches
  9 goblins
  9 hobgoblins
  11 jackals
  7 quokkas
  A ball python zombie (D:5)
  5 bats
  7 frilled lizards
  2 jackal skeletons
  23 kobolds
  A leopard gecko skeleton (D:8)
  4 rats
296 creatures vanquished.

Vanquished Creatures (others)
  2 fungi (D:5)
  3 toadstools (D:5)
5 creatures vanquished.

Grand Total: 301 creatures vanquished

Notes
Turn   | Place    | Note
-------+----------+-------------------------------------------
     0 | D:1      | hazymike the Merfolk Skald began the quest for the Orb.
     0 | D:1      | Reached XP level 1. HP: 16/16 MP: 3/3
   262 | D:1      | Reached XP level 2. HP: 22/22 MP: 1/5
   266 | D:1      | Learned a level 2 spell: Shroud of Golubria
   510 | D:1      | Reached XP level 3. HP: 9/28 MP: 0/6
   744 | D:1      | Reached skill level 1 in Armour
  1384 | D:1      | Reached skill level 4 in Polearms
  1701 | D:2      | Found a snail-covered altar of Cheibriados.
  1739 | D:2      | Reached XP level 4. HP: 32/34 MP: 7/7
  2304 | D:2      | Reached XP level 5. HP: 39/39 MP: 2/8
  2691 | D:3      | Noticed Terence
  2703 | D:3      | Killed Terence
  2703 | D:3      | Reached skill level 5 in Polearms
  2703 | D:3      | Reached skill level 1 in Translocations
  3186 | D:3      | Reached XP level 6. HP: 40/47 MP: 1/10
  4625 | D:3      | Reached skill level 6 in Polearms
  5248 | D:4      | Found a glowing silver altar of Zin.
  5253 | D:4      | Became a worshipper of Zin the Law-Giver
  5253 | D:4      | Reached * piety under Zin
  5297 | D:4      | Found an opulent altar of Gozag.
  5361 | D:4      | Found a staircase to the Ecumenical Temple.
  5440 | D:4      | Reached XP level 7. HP: 52/52 MP: 4/11
  5494 | D:4      | Noticed a hornet
  6253 | D:4      | Found a sacrificial altar of Ru.
  6553 | D:4      | Reached skill level 7 in Polearms
  6553 | D:4      | Reached skill level 1 in Invocations
  6741 | D:4      | Noticed Grinder
  6753 | D:4      | Killed Grinder
  6753 | D:4      | Reached skill level 5 in Charms
  6753 | D:4      | Reached XP level 8. HP: 48/60 MP: 11/13
  6780 | D:4      | Found Zyvvoecw's Antique Weapon Emporium.
  6813 | D:5      | Entered Level 5 of the Dungeon
  6819 | D:5      | Learned a level 2 spell: Song of Slaying
  6825 | D:5      | Found Join's Elemental Accessories.
  6904 | D:5      | Found a snail-covered altar of Cheibriados.
  7019 | D:5      | Reached skill level 8 in Polearms
  7168 | D:5      | Reached ** piety under Zin
  7403 | D:5      | Reached *** piety under Zin
  7483 | D:5      | Reached skill level 5 in Dodging
  7780 | D:5      | Found a hazy altar of Hepliaklqana.
  8062 | D:5      | Found an iron altar of Okawaru.
  8817 | D:6      | Reached skill level 9 in Polearms
  8900 | D:6      | Found a white marble altar of Elyvilon.
  8927 | D:6      | Reached XP level 9. HP: 53/67 MP: 15/15
  8966 | D:6      | Noticed Pikel
  9054 | D:5      | Reached skill level 5 in Fighting
  9062 | D:6      | Reached **** piety under Zin
  9890 | D:6      | Noticed Blork the orc
  9914 | D:6      | Killed Blork the orc
 10218 | D:6      | Killed Pikel
 10218 | D:6      | Reached skill level 10 in Polearms
 10481 | D:6      | Found a runed translucent door.
 10482 | D:6      | Noticed Crazy Yiuf
 10827 | D:7      | Found a runed translucent door.
 10827 | D:7      | Noticed darumender's ghost (novice DsBe)
 13178 | D:8      | Reached skill level 11 in Polearms
 13178 | D:8      | Reached XP level 10. HP: 76/76 MP: 16/16
 13207 | D:8      | Noticed a two-headed ogre
 13577 | D:8      | Noticed Harold
 14260 | D:8      | Killed Harold
 14495 | D:8      | Killed a two-headed ogre
 14495 | D:8      | Reached skill level 5 in Invocations
 15256 | D:7      | Reached skill level 5 in Spellcasting
 15528 | D:9      | Noticed Maurice
 15575 | D:9      | Reached skill level 12 in Polearms
 16693 | D:9      | Noticed a two-headed ogre
 16714 | D:8      | Killed a two-headed ogre
 17196 | D:8      | Reached XP level 11. HP: 34/84 MP: 5/19
 17389 | D:8      | Killed Maurice
 17389 | D:8      | Reached skill level 13 in Polearms
 17534 | D:9      | Found the +9 heavy crossbow "Sniper" {velocity, Acc+∞ SInv}
 17901 | D:9      | Found a staircase to the Orcish Mines.
 18239 | D:10     | Entered Level 10 of the Dungeon
 18638 | D:10     | Noticed a tengu warrior
 18672 | D:10     | Killed a tengu warrior
 18951 | D:11     | Noticed a cyan ugly thing
 18985 | D:11     | Killed a cyan ugly thing
 19189 | D:11     | Found a gate leading to a gauntlet.
 19226 | D:11     | Identified 2 scrolls of acquirement
 19310 | D:10     | Got a pair of polished gloves
 19321 | D:10     | Identified the +0 pair of gloves "Huuggeic" {MR- MP+9 Int+6
                  | Dex+2} (You acquired it on level 10 of the Dungeon)
 19420 | D:11     | Reached skill level 14 in Polearms
 19547 | D:11     | Learned a level 2 spell: Blink
 19550 | D:11     | Learned a level 2 spell: Slow
 19566 | D:11     | Reached ***** piety under Zin
 19638 | D:11     | Noticed Psyche
 19700 | D:10     | Killed Psyche
 19700 | D:10     | Reached skill level 1 in Hexes
 19938 | D:11     | HP: 3/86 [centaur/arrow (9)]
 19939 | D:11     | Zin protects you from harm!
 19941 | D:11     | Shot with an arrow by a centaur

Levels and vault maps discovered:
D:1:      wander_arrival_abandoned_jail, layout_loops_ring
D:2:      layout_basic, old_standard_altar, st_stairs_4, minmay_misc_feat_tiny,
          minmay_misc_feat_roman
D:3:      layout_rooms, minmay_joined_circles, uniq_terence
D:4:      minmay_chambers_of_fours, layout_cave_pods, grunt_gozag_statues,
          nicolae_ru_path_of_blood, kennysheep_little_box,
          minmay_temple_entry_junction, serial_rivers,
          chequers_serial_rivers_micro_b, chequers_serial_rivers_small_a,
          chequers_serial_rivers_micro_e, chequers_serial_rivers_room_a,
          chequers_serial_rivers_small_b, chequers_serial_rivers_small_3,
          serial_shops, kennysheep_mini, minmay_starry_boxes, uniq_grinder
D:5:      layout_basic, kennysheep_mini_moat, lemuel_round_altar, first_ration,
          nicolae_elemental_shop, minmay_gold_behind_fungi,
          chequers_serial_rivers_room_b, chei_slow_surprise
D:6:      layout_layer_cave, elyvilon_altar_1, uniq_pikel,
          uniq_crazy_yiuf_cottage, uniq_blork_the_orc
D:7:      nicolae_whirlpool, layout_basic, ebering_ghost_inner_flame
D:8:      layout_rooms, uniq_harold
D:9:      minmay_weird_star, layout_loops_ring, david_orc_3, uniq_maurice
D:10:     layout_loops_ring, grunt_tengu_nest
D:11:     layout_gridville, lair_entry_dummy, gauntlet_entry_generic,
          uniq_psyche

Skill      XL: |  1  2  3  4  5  6  7  8  9 10 11 |
---------------+----------------------------------+-----
Dodging        | 3 4 5 6 8 |  8.3
Armour         | 1 2 |  2.0
Polearms       | 4 5 6 7 9 11 12 14 | 14.0
Charms         | 4 5 6 |  6.2
Translocations | 1 2 3 |  3.2
Fighting       | 3 4 6 7 8 |  8.2
Spellcasting   | 3 4 5 6 |  6.0
Invocations    | 1 2 4 6 7 |  7.2
Hexes          | 1 |  1.0

Action                   |  1- 3 |  4- 6 |  7- 9 | 10-12 || total
-------------------------+-------+-------+-------+-------++-------
Melee: Spear             |   128 |   390 |   511 |       ||  1029
       Trident           |       |       |   414 |   599 ||  1013
       Tailslap          |       |       |       |     2 ||     2
 Fire: Shortbow          |       |       |       |    19 ||    19
Throw: Stone             |     5 |    25 |       |     2 ||    32
       Boomerang         |       |     7 |   118 |    86 ||   211
       Dart              |       |       |       |     8 ||     8
 Cast: Infusion          |     8 |    15 |    19 |    36 ||    78
       Shroud of Golubri |     3 |    12 |    27 |    48 ||    90
       Song of Slaying   |       |       |     2 |     5 ||     7
Invok: Recite            |       |       |     6 |    19 ||    25
Evoke: Wand              |       |       |       |     7 ||     7
  Use: Scroll            |       |     6 |     7 |     8 ||    21
       Potion            |       |       |     1 |     1 ||     2
 Stab: Sleeping          |     1 |       |       |       ||     1
       Confused          |       |       |     1 |     2 ||     3
       Invisible         |       |       |       |     1 ||     1
  Eat: Chunk             |     3 |    13 |    14 |     6 ||    36
       Ration            |       |       |     4 |     5 ||     9
Armor: Leather armour    |     7 |       |       |       ||     7
       Ring mail         |     9 |    80 |   185 |    71 ||   345
       Troll leather arm |       |       |       |    59 ||    59
Dodge: Dodged            |    60 |   152 |   310 |   395 ||   917
